 Dungeon Crawl Stone Soup version 0.27-a0-1060-gcb85b5eba1 (webtiles) character file.

Game seed: 5775612481673770010

89 Ijustatesigmund the Skirmisher (level 4, 0/36 HPs)
             Began as a Demonspawn Fighter on Apr 21, 2021.
             Slain by an adder (2 damage)
             ... on level 2 of the Dungeon.
             The game lasted 00:02:49 (2113 turns).

Ijustatesigmund the Skirmisher (Demonspawn Fighter) Turns: 2113, Time: 00:02:50

Health: 0/36       AC:  6    Str: 16    XL:     4   Next: 31%
Magic:  4/4        EV:  7    Int:  9    God:
Gold:   85         SH:  8    Dex: 14    Spells: 3/3 levels left

rFire    . . .     SeeInvis .   a - +0 war axe
rCold    . . .     Faith    .   c - +0 kite shield
rNeg     . . .     Spirit   .   b - +0 scale mail
rPois    .         Reflect  .   (helmet restricted)
rElec    .         Harm     .   (no cloak)
rCorr    .         Rampage  .   (no gloves)
Will     .....                  (no boots)
Stlth    ..........             (no amulet)
HPRegen  0.12/turn              (no ring)
MPRegen  0.09/turn              (no ring)

@: mighty, lethally poisoned (0 -> -1)
A: horns 1, foul stench 1
a: no special abilities


You were on level 2 of the Dungeon.
You visited 1 branch of the dungeon, and saw 2 of its levels.

You collected 85 gold pieces.

Inventory:

Hand Weapons
 a - a +0 war axe (weapon)
Missiles
 g - 5 silver javelins (quivered)
Armour
 b - a +0 scale mail (worn)
 c - a +0 kite shield (worn)
Scrolls
 e - a scroll of fog {unknown}
 f - a scroll of silence {unknown}
 h - a scroll of magic mapping {unknown}
 i - 2 scrolls of teleportation {unknown}
 j - 2 scrolls of enchant weapon {unknown}
Potions
 k - a potion of lignification {unknown}
 l - a potion of invisibility {unknown}


   Skills:
 + Level 3.6 Fighting
 * Level 3.2 Axes
 - Level 2.6 Armour
 + Level 1.5 Dodging
 - Level 2.6 Shields


You had 3 spell levels left.
You didn't know any spells.
Your spell library was empty.

Dungeon Overview and Level Annotations

Branches:
Dungeon (2/15)

Altars:

Shops:
D:1 :


Innate Abilities, Weirdness & Mutations

You have a pair of small horns on your head.
You may rarely emit foul miasma when damaged in melee.


Message History

An adder comes into view.
Found a stone staircase leading down.
You barely miss the ball python. You headbutt the ball python.
You kill the ball python!
A quokka comes into view.
The steam dragon breathes steam at you.
The ball of steam hits the hobgoblin!
The hobgoblin dies!
The ball of steam hits you!
The quokka moves out of view.
You hear a bark!
You aren't carrying any items that you can evoke.
You feel very mighty all of a sudden.
You barely miss the adder. The adder bites you.
You are poisoned.
The adder poisons you! You block the adder's attack.
You slash the steam dragon!
The steam dragon is moderately wounded.
You closely miss the adder.
You feel sick. The adder bites you but does no damage.
You block the steam dragon's attack. x2
You block the adder's attack.
A jackal comes into view.
The jackal barks!
You hit the steam dragon.
The steam dragon is heavily wounded.
You barely miss the adder.
You feel sick. You block the adder's attack.
You block the steam dragon's attack. The steam dragon closely misses you.
The adder bites you. The steam dragon breathes steam at you.
The ball of steam hits you!
* * * LOW HITPOINT WARNING * * *
You hear a bark! x2
You slash the steam dragon!
The steam dragon is severely wounded.
You closely miss the adder.
You are engulfed in a cloud of scalding steam.
* * * LOW HITPOINT WARNING * * *
x2 You feel sick.
The adder is engulfed in a cloud of scalding steam.
The adder bites you.
You die...

.....# #......#
......###......#
>.......#......####
..................#######
.|....†...........#.....##
r.....†.............#...#.
....h...r.........###.##..
........D.##.............#
......##S@.............###
...... ##§§..##...###.##
...... #..§§......##.# .....
....§.#........# ............
###.####........#
...........# ##.# #.......##
.....#.....###...# #.......#
.....##..# ..#.#######.....##
.....#...###...##..........##


You could see a steam dragon (catching breath), an adder, a quokka and a jackal.

Vanquished Creatures
  5 adders (D:2)
  6 bats
  6 endoplasms
  3 giant cockroaches
  4 goblins
  2 hobgoblins (D:1)
  5 jackals
  2 quokkas (D:1)
  A ball python (D:2)
  2 frilled lizards
  3 kobolds
  2 rats (D:1)
41 creatures vanquished.

Vanquished Creatures (others)
  A hobgoblin (D:2)
1 creature vanquished.

Grand Total: 42 creatures vanquished

Notes
Turn   | Place    | Note
-------+----------+-------------------------------------------
     0 | D:1      | Ijustatesigmund the Demonspawn Fighter began the quest for
                  | the Orb.
     0 | D:1      | Reached XP level 1. HP: 18/18 MP: 1/1
   272 | D:1      | Gained mutation: You have a pair of small horns on your
                  | head. [demonic ancestry]
   272 | D:1      | Reached XP level 2. HP: 24/24 MP: 2/2
   816 | D:1      | Found Tunlaunn's Book Shop.
  1164 | D:1      | Reached skill level 1 in Dodging
  1353 | D:2      | HP: 1/24 [goblin/+2 dagger of protection (3)]
  1356 | D:2      | Gained mutation: You may rarely emit foul miasma when
                  | damaged in melee. [demonic ancestry]
  1356 | D:2      | Reached XP level 3. HP: 1/29 MP: 3/3
  1928 | D:2      | Reached XP level 4. HP: 26/35 MP: 4/4
  2103 | D:2      | Noticed a steam dragon
  2113 | D:2      | Slain by an adder

Illustrated notes

Levels and vault maps discovered:
D:1:      tarquinn_simple_flora_water_d, layout_basic, serial_shops, shop,
          minmay_pentomino_o2
D:2:      layout_rooms, hangedman_decor_opposing

Skill      XL: |  1  2  3 |
---------------+----------+-----
Axes           | 2 3 |  3.2
Dodging        | 1 |  1.5
Fighting       | |  3.6
Armour         | |  2.6
Shields        | |  2.6

Action                   |  1- 3 |  4- 6 || total
-------------------------+-------+-------++-------
Melee: War axe           |    91 |    12 ||   103
       Headbutt          |     9 |     1 ||    10
  Use: Potion            |     1 |     1 ||     2
Armor: Scale mail        |    52 |     1 ||    53
Dodge: Dodged            |    36 |     3 ||    39
Block: Kite shield       |    46 |    13 ||    59

Table legend: (Time is in decaauts)
 A = Elapsed time spent in this place.
 B = Non-inter-level travel time spent in this place.
 C = Inter-level travel time spent in this place.
 D = Time resting spent in this place.
 E = Time spent auto-exploring this place.
 F = Levels seen in this place.
 G = Mean time per level.
                   A        B        C        D        E       F      G
               +--------+--------+--------+--------+--------+-----+--------+
         Total |   2176 |   2105 |     71 |    364 |   1438 |   2 | 1088.0 |
       Dungeon |   2176 |   2105 |     71 |    364 |   1438 |   2 | 1088.0 |
               +--------+--------+--------+--------+--------+-----+--------+

Top non-repeatable levels by time:
     D:1: 1348 daAuts
     D:2: 828 daAuts
